 Dungeon Crawl Stone Soup version 0.31.0-11-ge490571c62 (webtiles) character file.

Game seed: 2927400654869148918

6 Skitler the Covert (level 1, 0/23 HPs)
             Began as a Gnoll Delver on Feb 3, 2024.
             Slain by an adder (1 damage)
             ... on level 4 of the Dungeon.
             The game lasted 00:00:48 (110 turns).

Skitler the Covert (Gnoll Delver)                    Turns: 110, Time: 00:00:49

Health: 0/23       AC:  3    Str: 11    XL:     1   Next: 90%
Magic:  1/1        EV: 13    Int:  9    God:
Gold:   0          SH:  0    Dex: 13    Spells: 0/0 levels left

rFire   . . .        a - +0 hand axe
rCold   . . .        (no shield)
rNeg    . . .        b - +0 leather armour
rPois   .            (no helmet)
rElec   .            (no cloak)
rCorr   .            (no gloves)
SInv    .            (no boots)
Will    .....        (no amulet)
Stlth   ++++         (no ring)
HPRegen 0.23/turn    (no ring)
MPRegen 0.07/turn

%: no passive effects
@: lethally poisoned (0 -> -5), hasted, very quick
A: fangs 1, strong nose, distributed training
a: no special abilities


You were on level 4 of the Dungeon.
You visited 1 branch of the dungeon, and saw 2 of its levels.

Inventory:

Hand Weapons
 a - a +0 hand axe (weapon)
Armour
 b - a +0 leather armour (worn)
Wands
 g - a wand of digging (3)
Scrolls
 c - a scroll of fog
 e - a scroll of fear
 h - a scroll of identify {unknown}


   Skills:
 + Level 6.4 Fighting
 + Level 0.2 Short Blades
 + Level 0.2 Long Blades
 + Level 4.4 Axes
 + Level 0.2 Maces & Flails
 + Level 0.2 Polearms
 + Level 0.2 Staves
 + Level 0.2 Ranged Weapons
 + Level 0.2 Throwing
 + Level 0.2 Armour
 + Level 4.4 Dodging
 + Level 9.5 Stealth
 + Level 0.2 Shields
 + Level 0.2 Unarmed Combat
 + Level 0.2 Spellcasting
 + Level 0.1 Conjurations
 + Level 0.1 Hexes
 + Level 0.1 Summonings
 + Level 0.1 Necromancy
 + Level 0.1 Translocations
 + Level 0.1 Fire Magic
 + Level 0.1 Ice Magic
 + Level 0.1 Air Magic
 + Level 0.1 Earth Magic
 + Level 0.1 Alchemy
 + Level 0.3 Invocations
 + Level 0.2 Evocations
 + Level 0.2 Shapeshifting


You couldn't memorise any spells.
You didn't know any spells.
Your spell library was empty.

Dungeon Overview and Level Annotations

Branches:
Dungeon (5/15)             Temple (0/1) D:4

Altars:
Vehumet


Innate Abilities, Weirdness & Mutations

You have very sharp teeth.
Your uncanny sense of smell can sniff out nearby items.
Your experience applies equally to all skills.


Message History

The rat twitches its whiskers.
The giant cockroach bites you.
You barely miss the adder.
The adder is heavily wounded.
You hit the giant cockroach but do no damage.
The adder misses you.
The giant cockroach bites you but does no damage.
You barely miss the adder.
The adder is heavily wounded.
You hit the giant cockroach but do no damage.
The adder closely misses you. The giant cockroach bites you.
The adder bites you.
You hit the adder.
The adder is severely wounded.
You hit the giant cockroach but do no damage.
The giant cockroach completely misses you.
The adder closely misses you.
You hit the adder but do no damage.
The adder is severely wounded.
You hit the giant cockroach but do no damage.
The giant cockroach completely misses you.
The adder bites you.
You are poisoned.
The adder poisons you!
The giant cockroach completely misses you.
You barely miss the adder.
The adder is severely wounded.
You closely miss the giant cockroach.
* * * LOW HITPOINT WARNING * * *
You feel sick. The adder bites you.
* * * LOW HITPOINT WARNING * * *
You are more poisoned.
The adder poisons you! The giant cockroach bites you.
* * * LOW HITPOINT WARNING * * *
The adder closely misses you.
Okay, then.
You feel yourself speed up.
* * * LOW HITPOINT WARNING * * *
You feel sick. The adder bites you.
You die...

,,,,,,*,,#.#
,,,,,,*,,#.####
**+***+**#....###
**,**,,*
####...##
,,,,,,** ###..#
*******
##.#***####***
#.#*,.....,,*
#S##.....~~~*
#@Br...~~.~,*
###...~~~~~~*
*...~~+#***
*...~~#~~~*
*...~~+~∩~*
*#..~~#~~~*
*#####****


You could see an adder, a giant cockroach and a rat.

Vanquished Creatures
  An orc (D:4)
  2 ball pythons (D:4)
  A giant cockroach (D:4)
4 creatures vanquished.

Notes
Turn   | Place    | Note
-------+----------+-------------------------------------------
     0 | D:5      | Reached skill level 9 in Stealth
     0 | D:5      | Skitler the Gnoll Delver began the quest for the Orb.
     0 | D:5      | Reached XP level 1. HP: 23/23 MP: 1/1
    34 | D:5      | Noticed an iguana
    38 | D:4      | Found a radiant altar of Vehumet.
   110 | D:4      | HP: 1/23 [poisoned by an adder]
   110 | D:4      | Slain by an adder

Illustrated notes

Levels and vault maps discovered:
D:4:      layout_cave_pools, fiery_altar_vehumet, mainiacjoe_overflow_catwalk,
          mainiacjoe_overflow_24_doors, nemelex_diamond_rough_becter,
          minmay_temple_entry_antechambers, portal_sewer_entry_e
D:5:      layout_loops_corners, makhleb_heckhound_becter, zin_treasury,
          nicolae_figureground_sparkle

Skill      XL: | |
---------------+-+-----
Stealth        | |  9.5
Fighting       | |  6.4
Short Blades   | |  0.2
Long Blades    | |  0.2
Axes           | |  4.4
Maces & Flails | |  0.2
Polearms       | |  0.2
Staves         | |  0.2
Ranged Weapons | |  0.2
Throwing       | |  0.2
Armour         | |  0.2
Dodging        | |  4.4
Shields        | |  0.2
Unarmed Combat | |  0.2
Spellcasting   | |  0.2
Conjurations   | |  0.1
Hexes          | |  0.1
Summonings     | |  0.1
Necromancy     | |  0.1
Translocations | |  0.1
Fire Magic     | |  0.1
Ice Magic      | |  0.1
Air Magic      | |  0.1
Earth Magic    | |  0.1
Alchemy        | |  0.1
Invocations    | |  0.3
Evocations     | |  0.2
Shapeshifting  | |  0.2

Action                     || total
---------------------------++-------
  Melee: Hand axe          ||    20
         Bite              ||     1
    Use: Scroll            ||     1
         Potion            ||     1
 Armour: Leather armour    ||    21
  Dodge: Dodged            ||    25
